 Dungeon Crawl Stone Soup version 0.28.0-45-g0d030f2227 (webtiles) character file.

Game seed: 1551563612551607132

2267 CryoSword the Caller (level 9, -1/69 HPs)
             Began as a Demonspawn Summoner on Apr 20, 2022.
             Was an Initiate of Ru.
             Slain by a slime creature (18 damage)
             ... on level 6 of the Dungeon.
             The game lasted 00:12:30 (10657 turns).

CryoSword the Caller (Demonspawn Summoner)         Turns: 10657, Time: 00:12:31

Health: -1/69      AC:  8    Str: 11    XL:     9   Next: 16%
Magic:  15/15      EV: 12    Int: 19    God:    Ru [......]
Gold:   1168       SH:  0    Dex: 13    Spells: 7/16 levels left

rFire   + + .      SeeInvis .   j - +9 long sword of Duty {vamp, Contam rF++ rN+++}
rCold   . . .      Faith    .   (no shield)
rNeg    + + +      Spirit   .   a - +0 robe
rPois   +          Reflect  .   (helmet restricted)
rElec   .          Harm     .   r - +0 cloak
rCorr   .          Rampage  .   f - +1 pair of gloves
Will    .....                   (no boots)
Stlth   ++........              (no amulet)
HPRegen 0.21/turn               h - ring of poison resistance
MPRegen 0.14/turn               (no ring)

@: no status effects
A: antennae 2, slimy green scales 2
a: Renounce Religion


You were on level 6 of the Dungeon.
You worshipped Ru.
Ru was noncommittal.
You visited 2 branches of the dungeon, and saw 8 of its levels.

You collected 1168 gold pieces.

Inventory:

Hand Weapons
 d - a +0 spear
   (You found it on level 1 of the Dungeon)
 j - the +9 long sword of Duty (weapon) {vamp, Contam rF++ rN+++}
   (You found it on level 3 of the Dungeon)

   It occasionally heals its wielder for a portion of the damage dealt when it
   wounds a living foe.
   rF:        It greatly protects you from fire.
   rN:        It renders you almost immune to negative energy.
   Contam:    It causes magical contamination when unequipped.
 y - the +8 trident of the Octopus King {venom, rElec rPois}
   (You found it on level 6 of the Dungeon)

   It poisons the flesh of those it strikes.
   rElec:     It insulates you from electricity.
   rPois:     It protects you from poison.
Missiles
 u - a throwing net
Armour
 a - a +0 robe (worn)
 f - a +1 pair of gloves (worn)
   (You found it on level 2 of the Dungeon)
 r - a +0 cloak (worn)
   (You found it on level 4 of the Dungeon)
Jewellery
 h - a ring of poison resistance (left hand)
   (You found it on level 2 of the Dungeon)
Wands
 q - a wand of flame (43)
   (You found it on level 4 of the Dungeon)
Scrolls
 e - a scroll of teleportation {unknown}
 g - a scroll of magic mapping {unknown}
 i - 2 scrolls of brand weapon
 l - a scroll of noise {unknown}
 n - a scroll of silence
 o - a scroll of immolation {unknown}
 v - a scroll of enchant armour {unknown}
 x - a scroll of identify {@r1}
Potions
 b - a potion of mutation {unknown}
 c - 2 potions of heal wounds {unknown}
 k - a potion of curing {@q1}
 m - a potion of brilliance {unknown}
 p - a potion of ambrosia
 s - a potion of haste {@q3}
 t - a potion of magic
 w - a potion of attraction {unknown}
 z - a potion of degeneration {unknown}


   Skills:
 * Level 6.1 Fighting
 * Level 5.2 Long Blades
 - Level 1.2 Polearms
 - Level 2.0 Dodging
 - Level 2.0 Stealth
 + Level 4.4 Spellcasting
 - Level 3.0 Hexes
 * Level 7.4 Summonings


You had 7 spell levels left.
You knew the following spells:

 Your Spells              Type           Power      Damage    Failure   Level
a - Summon Small Mammal   Summ           100%       N/A       1%          1
b - Call Imp              Summ           32%        N/A       1%          2
c - Call Canine Familiar  Summ           32%        N/A       1%          3
d - Summon Guardian Gole  Hex/Summ       24%        N/A       4%          3

Your spell library contained the following spells:

 Spells                   Type           Power      Damage    Failure   Level
 Animate Skeleton         Necr           8%         N/A       13%         1
 Pain                     Necr           16%        1d4       13%         1
 Static Discharge         Conj/Air       4%         N/A       21%         2
 Summon Lightning Spire   Summ/Air       18%        N/A       28%         4
 Gell's Gravitas          Tloc           4%         N/A       36%         3
 Teleport Other           Tloc           4%         N/A       36%         3
 Vampiric Draining        Necr           4%         2d6       36%         3
 Lightning Bolt           Conj/Air       2%         1d13      98%         5
 Dispersal                Tloc           2%         N/A       100%        6
 Maxwell's Capacitive Co  Air            2%         ∞         100%        8


Dungeon Overview and Level Annotations

Branches:
Dungeon (7/15)             Temple (1/1) D:5

Altars:
Ashenzari
Cheibriados
Dithmenos
Elyvilon
Fedhas
Gozag
Hepliaklqana
Kikubaaqudgha
Nemelex Xobeh
Okawaru
Qazlal
Ru
Sif Muna
Uskayaw
Vehumet
Wu Jian
Xom
Yredelemnul
Zin
The Shining One

Annotations:
D:5 2 transporters, happyH's ghost, amateur DsGl


Innate Abilities, Weirdness & Mutations

You have a pair of antennae on your head.
You are mostly covered in slimy green scales. (AC +3)


Message History

Your hound bites the ice beast but does no damage.
Your crimson imp hits the ice beast.
The ice beast closely misses your hound.
Your hound closely misses the ice beast.
Your crimson imp hits the ice beast but does no damage.
The ice beast hits your crimson imp.
The ice beast freezes your crimson imp!!
Your crimson imp is frozen!
Your hound barely misses the ice beast.
Your guardian golem overheats!
Your hound bites the ice beast but does no damage.
Your crimson imp blinks!
Your hound closely misses the ice beast.
The ice beast completely misses something.
Your hound bites the ice beast.
The ice beast barely misses your hound.
Your hound closely misses the ice beast.
Your hound bites the ice beast.
Your crimson imp hits the ice beast.
The ice beast dies!
Your Long Blades skill increases to level 5!
You have reached level 9!
Your experience leads to an increase in your attributes!
Increase (S)trength, (I)ntelligence, or (D)exterity?
You feel stronger. x2
You start resting.
Your guardian golem disappears in a puff of smoke!
Your crimson imp disappears in a puff of smoke!
You start resting.
Your hound scratches its ear.
There is a stone staircase leading down, spattered with blood here.
You climb downwards.
Your summoned ally is left behind.
The jelly quivers.
The centaur shoots an arrow.
The arrow barely misses you.
The centaur shoots an arrow.
The arrow hits you.
There is a stone staircase leading up here.
A beastly little devil appears in a puff of flame.
The centaur shoots an arrow.
The arrow closely misses you.
The centaur shoots an arrow.
The arrow hits your wolf.
The centaur shoots an arrow.
The arrow hits your wolf.
The jelly hits your crimson imp but does no damage.
A guardian golem appears, shielding your allies.
Your wolf bites the jelly.
Your wolf is burned by acid!
Your crimson imp hits the jelly.
Your crimson imp is burned by acid!
The centaur shoots an arrow.
The arrow hits your wolf.
The jelly closely misses your crimson imp.
Your wolf bites the jelly.
Your wolf is burned by acid!
The centaur shoots an arrow.
The arrow misses you.
Your wolf bites the jelly.
Your wolf is burned by acid!
Your crimson imp hits the jelly.
The jelly dies!
The centaur shoots an arrow.
The arrow hits you!
Your wolf barely misses the centaur.
Your Fighting skill increases to level 6!
The centaur unwields a +0 shortbow.
The centaur hits you. The centaur barely misses you.
Your wolf bites the centaur.
You hit the centaur.
You feel better.
Your wolf bites the centaur.
The centaur hits you but does no damage.
The centaur kicks you but does no damage.
The centaur barely misses you. The centaur kicks you.
Your crimson imp hits the centaur.
You slash the centaur!
You kill the centaur!
A water moccasin is nearby!
A water moccasin is nearby!
A water moccasin is nearby!
The water moccasin misses you.
You slash the water moccasin! Your punch misses the water moccasin.
The water moccasin bites you but does no damage.
Your wolf bites the water moccasin.
The water moccasin barely misses you.
You miss the water moccasin.
Your wolf closely misses the water moccasin.
The water moccasin bites you.
Your wolf bites the water moccasin!
You barely miss the water moccasin. You punch the water moccasin.
Your wolf barely misses the water moccasin.
The water moccasin misses you.
The water moccasin bites you but does no damage.
You slash the water moccasin!
You feel better.
You kill the water moccasin!
No target in view!
Your guardian golem disappears in a puff of smoke!
Your wolf disappears in a puff of smoke!
Key pressed, stopping explore.
You now have 1156 gold pieces (gained 22).
Things that are here:
a +0 shortbow; 19 arrows; a centaur corpse
c - 2 sapphire potions (gained 1)
You now have 1168 gold pieces (gained 12).
You sense a monster nearby.
Could not explore, unopened door.
Could not explore, unopened door.
Could not explore, unopened door.
Could not explore, unopened door.
No target in view!
You open the door.
A centaur skeleton comes into view.
The centaur skeleton moves out of view.
Found a spear.
There is an open door here.
The centaur skeleton hits you but does no damage.
The centaur skeleton kicks you but does no damage.
The centaur skeleton closely misses you.
The centaur skeleton kicks you but does no damage.
You slash the centaur skeleton!
The centaur skeleton hits you but does no damage.
The centaur skeleton kicks you but does no damage.
You slash the centaur skeleton!
The centaur skeleton hits you but does no damage.
The centaur skeleton kicks you but does no damage.
You slash the centaur skeleton!
You destroy the centaur skeleton!
No target in view!
There is an open door here.
Could not explore, unopened door.
You open the door. 3 slime creatures come into view.
Found an escape hatch in the ceiling.
The slime creature quivers.
The slime creature moves out of view. x2
There is an open door here.
Saving game... please wait.
Welcome back, CryoSword the Demonspawn Summoner.
Ru says: Cut away your false body!
Okay, then.
A slime creature is nearby!
A slime creature is nearby!
The slime creature quivers.
The slime creature quivers.
Your crimson imp blinks!
You slash the slime creature! The slime creature hits you!
You slash the slime creature! You slash the slime creature!
You slash the slime creature!
You feel better. The slime creature hits you!!
The slime creature barely misses you.
Your crimson imp blinks!
Two slime creatures merge to form a large slime creature.
The slime creature hits you!
* * * LOW HITPOINT WARNING * * *
You are too injured to fight recklessly!
Your crimson imp hits the large slime creature.
There is an escape hatch in the ceiling here.
The slime creature hits you!
* * * LOW HITPOINT WARNING * * *
A large slime creature splits.
A mysterious force pulls you upwards. The hatch slams shut behind you.
The slime creature hits you but does no damage.
The slime creature hits you!!
You die...

#.# #.. #.# #.# ######### #.#
#.......# #.#
##############.......##########.#
.............'...J...'.....)>##.#
....##########..@.J..#######)##.#
)..###########...J...# #.##.#
...'........##.......# #.##.#
...#....###.##.......#### #.##.#
...#........##..........####.....
####........##.............####.#
#........###............'....#
#........# #..#[........######
####........# #..#...[.....# #


You could see 3 slime creatures.

Vanquished Creatures
  Sigmund (D:3)
  Eustachio (D:4)
  A steam dragon (D:6)
  A water moccasin (D:7)
  3 sky beasts
  An ogre (D:5)
  A centaur (D:7)
  A scorpion (D:4)
  A water moccasin skeleton (D:5)
  A wight (D:6)
  A howler monkey (D:7)
  5 hounds
  A gnoll shaman (D:6)
  2 centaur skeletons
  An orc priest (D:3)
  An iguana (D:4)
  A hound skeleton (D:4)
  Robin (D:3)
  9 gnolls
  2 adders
  2 ufetubi
  2 adder skeletons (D:4)
  A worm (D:2)
  A dart slug (D:4)
  An orc (D:3)
  6 bats
  5 endoplasms
  2 giant cockroaches
  9 goblins
  8 hobgoblins
  4 jackals (D:2)
  2 ball pythons (D:3)
  A frilled lizard (D:1)
  3 kobolds
  2 rats
85 creatures vanquished.

Vanquished Creatures (collateral kills)
  Prince Ribbit (D:6)
  An ice beast (D:6)
  A wight (D:6)
  A centaur zombie (D:5)
  A bullfrog zombie (D:5)
  A jelly (D:7)
  Ijyb (D:4)
  3 gnolls
  3 adders
  2 white imps (D:5)
  2 worms (D:2)
  3 orcs (D:3)
  5 endoplasms
  A giant cockroach (D:1)
  3 goblins (D:3)
  4 hobgoblins
  A quokka (D:3)
  A ball python (D:2)
  2 kobolds (D:1)
  4 rats
41 creatures vanquished.

Vanquished Creatures (others)
  A wight (D:6)
  Crazy Yiuf (D:4)
  A plant (D:3)
3 creatures vanquished.

Grand Total: 129 creatures vanquished

Notes
Turn   | Place    | Note
-------+----------+-------------------------------------------
     0 | D:1      | CryoSword the Demonspawn Summoner began the quest for the
                  | Orb.
     0 | D:1      | Reached XP level 1. HP: 13/13 MP: 3/3
   580 | D:1      | Gained mutation: You have a pair of small antennae on your
                  | head. [demonic ancestry]
   580 | D:1      | Reached XP level 2. HP: 20/20 MP: 5/5
   717 | D:1      | Learned a level 2 spell: Call Imp
  1070 | D:1      | Reached skill level 1 in Fighting
  1442 | D:1      | Gained mutation: You are partially covered in slimy green
                  | scales. (AC +2) [demonic ancestry]
  1442 | D:1      | Reached XP level 3. HP: 10/26 MP: 0/6
  2105 | D:2      | Reached skill level 1 in Polearms
  3202 | D:3      | Identified the +9 long sword of Duty {vamp, Contam rF++
                  | rN+++}
  3237 | D:3      | Gained mutation: You have a pair of antennae on your head.
                  | [demonic ancestry]
  3237 | D:3      | Reached XP level 4. HP: 33/33 MP: 7/7
  3368 | D:3      | Found a faded altar of an unknown god.
  3613 | D:3      | Reached skill level 1 in Long Blades
  3699 | D:3      | Noticed Robin
  3703 | D:3      | Gained mutation: You are mostly covered in slimy green
                  | scales. (AC +3) [demonic ancestry]
  3703 | D:3      | Reached XP level 5. HP: 39/39 MP: 4/8
  3916 | D:3      | Learned a level 3 spell: Call Canine Familiar
  3920 | D:3      | Learned a level 3 spell: Summon Guardian Golem
  4102 | D:3      | Noticed Sigmund
  4286 | D:3      | Found an opulent altar of Gozag.
  4315 | D:3      | Killed Sigmund
  4316 | D:3      | Reached skill level 5 in Summonings
  4316 | D:3      | Reached XP level 6. HP: 30/47 MP: 3/10
  4584 | D:3      | Killed Robin
  4792 | D:4      | Noticed Ijyb
  4814 | D:4      | Killed Ijyb
  5153 | D:4      | Noticed Eustachio
  5184 | D:4      | Killed Eustachio
  5185 | D:4      | Reached XP level 7. HP: 53/53 MP: 6/11
  5353 | D:4      | Found a runed translucent door.
  5354 | D:4      | Noticed Crazy Yiuf
  5374 | D:4      | Killed Crazy Yiuf
  5802 | D:4      | Reached skill level 1 in Hexes
  5881 | D:5      | Entered Level 5 of the Dungeon
  6053 | D:5      | Found a transporter.
  6091 | D:5      | Found a transporter.
  6094 | D:5      | Noticed happyH's ghost (amateur DsGl)
  6181 | D:5      | Reached skill level 6 in Summonings
  6563 | D:5      | Found a staircase to the Ecumenical Temple.
  6573 | D:5      | Reached XP level 8. HP: 49/61 MP: 7/13
  6585 | Temple   | Entered the Ecumenical Temple
  6754 | Temple   | Became a worshipper of Ru the Awakened
  7158 | D:5      | Identified a scroll of acquirement
  7160 | D:5      | Acquired 857 gold pieces
  7240 | D:6      | Noticed Prince Ribbit
  7539 | D:6      | Reached skill level 5 in Fighting
  8003 | D:6      | Found the +8 trident of the Octopus King {venom, rElec
                  | rPois}
  8550 | D:6      | Killed Prince Ribbit
  9074 | D:6      | Reached skill level 7 in Summonings
 10328 | D:6      | Reached skill level 5 in Long Blades
 10328 | D:6      | Reached XP level 9. HP: 23/69 MP: 1/15
 10657 | D:6      | Slain by a slime creature

Illustrated notes

Levels and vault maps discovered:
D:1:      lightli_arrival_boilingwater, layout_rooms, minmay_pentomino_t4
D:2:      layout_basic
D:3:      layout_basic, nicolae_gozag_seed_capital, elyvilon_altar_1,
          shapermc_ecumenical_altar_starsandcircs, uniq_robin, uniq_sigmund
D:4:      layout_loops_corners, uniq_crazy_yiuf_cottage, uniq_ijyb,
          uniq_eustachio
D:5:      minmay_general_purpose_star, layout_cave_pods,
          minmay_temple_entry_junction, gammafunk_ghost_mausoleum
D:6:      layout_basic, uniq_prince_ribbit1
D:7:      layout_gridville, gammafunk_temple_overflow_statue, serial_shops,
          shop, uniq_menkaure, uniq_maggie, uniq_pikel
Temple:   mainiacjoe_temple_coin_purse

Skill      XL: |  1  2  3  4  5  6  7  8  9 |
---------------+----------------------------+-----
Stealth        | 2 |  2.0
Fighting       | 1 2 3 4 5 6 |  6.1
Dodging        | 2 |  2.0
Polearms       | 1 |  1.2
Long Blades    | 1 2 3 5 |  5.2
Summonings     | 5 6 7 |  7.4
Spellcasting   | 3 4 |  4.4
Hexes          | 1 3 |  3.0

Action                   |  1- 3 |  4- 6 |  7- 9 || total
-------------------------+-------+-------+-------++-------
Melee: Unarmed           |    34 |       |       ||    34
       Spear             |   108 |       |       ||   108
       Long sword        |     1 |    81 |   145 ||   227
       Punch             |       |       |     1 ||     1
 Cast: Summon Small Mamm |    31 |    15 |    17 ||    63
       Call Imp          |    17 |    11 |    20 ||    48
       Call Canine Famil |       |     6 |    23 ||    29
       Summon Guardian G |       |       |    10 ||    10
  Use: Potion            |     1 |       |     1 ||     2
       Scroll            |       |       |     7 ||     7
 Stab: Sleeping          |     3 |     3 |     1 ||     7
       Invisible         |     1 |       |       ||     1
       Distracted        |       |     1 |     1 ||     2
Armor: Robe              |    37 |    22 |    79 ||   138
Dodge: Dodged            |    78 |    62 |   130 ||   270
